 Dungeon Crawl Stone Soup version 0.20.1-1-g8b1a95d (webtiles) character file.

11491 polve the Cleaver (level 11, 0/89 HPs)
             Began as a Demonspawn Gladiator on July 6, 2017.
             Was a Follower of Uskayaw.
             Slain by a gnoll shaman
             ... wielding a +0 halberd
              (6 damage)
             ... in a bailey.
             The game lasted 00:13:16 (11053 turns).

polve the Cleaver (Demonspawn Gladiator)           Turns: 11053, Time: 00:13:17

Health: 0/89       AC: 11    Str: 20 (22) XL:     11   Next: 50%
Magic:  17/17      EV: 12    Int: 13 (15) God:    Uskayaw [*.....]
Gold:   499        SH:  0    Dex: 13 (15) Spells: 10/10 levels left

rFire    + + +     SeeInvis +   a - +0 war axe (flame)
rCold    + + .     Gourm    .   (no shield)
rNeg     + . .     Faith    .   H - +1 ring mail of Dithmenos {rC+ rN+ SInv}
rPois    +         Spirit   .   (helmet restricted)
rElec    +         Reflect  .   A - +0 cloak
rCorr    +         Harm     .   I - +0 pair of gloves
MR       .....     Rnd*Tele +   (no boots)
Stlth    +.........             (no amulet)
Regen    0.0/turn               J - ring of flight
MPRegen  0.2/turn               (no ring)

@: mighty, brilliant, resistant, hasted (expiring), very quick
A: antennae 2, beak, talons 1, icy blue scales 1, fire resistance 3, powered by
pain 1, inhibited regeneration, spiny 2, teleportitis 1
a: Stomp, Renounce Religion, Evoke Flight


You were in a bailey.
You worshipped Uskayaw.
Uskayaw was aware of your devotion.
You were very hungry.

You visited 2 branches of the dungeon, and saw 10 of its levels.
You also visited: Bailey.

You collected 499 gold pieces.

Inventory:

Hand Weapons
 a - a +0 war axe of flaming (weapon)
Missiles
 d - 6 throwing nets (quivered)
Armour
 A - a +0 cloak (worn)
 F - a +2 leather armour of poison resistance
 H - the +1 ring mail of Dithmenos (worn) {rC+ rN+ SInv}
   (You found it on level 6 of the Dungeon)

   It protects you from cold.
   It protects you from negative energy.
   It lets you see invisible.
 I - a +0 pair of gloves (worn)
Jewellery
 J - a ring of flight (left hand)
Scrolls
 k - 2 scrolls of blinking {unknown}
 l - 3 scrolls of remove curse
 o - 5 scrolls of magic mapping
 p - 6 scrolls of teleportation
 q - 2 scrolls of recharging
 s - 2 scrolls of brand weapon
 u - 2 scrolls of enchant armour
 v - 2 scrolls of enchant weapon
 x - a scroll of holy word {unknown}
 C - a scroll of fog {unknown}
Potions
 c - 2 potions of magic
 e - 3 potions of brilliance
 i - 5 potions of lignification
 r - a potion of degeneration
 t - a potion of haste
 w - 2 potions of agility
 B - a potion of might
Comestibles
 b - 8 royal jellies
 f - 12 bread rations
 g - 5 meat rations


   Skills:
 - Level 9.4 Fighting
 * Level 12.4 Axes
 - Level 1.7 Throwing
 - Level 4.1 Armour
 - Level 2.6 Dodging
 + Level 8.5 Invocations


You had 10 spell levels left.
You didn't know any spells.

Dungeon Overview and Level Annotations

Branches:
Dungeon (9/15)             Temple (1/1) D:5
   Lair: D:8-11         Orc: D:9-12

Altars:
Ashenzari
Cheibriados
Dithmenos
Elyvilon
Fedhas
Gozag
Hepliaklqana
Kikubaaqudgha
Makhleb
Nemelex Xobeh
Okawaru
Qazlal
Ru
Sif Muna
Trog
Uskayaw
Vehumet
Xom
Yredelemnul
Zin
The Shining One

Shops:
D:5 (


Innate Abilities, Weirdness & Mutations

You have a pair of antennae on your head.
You are partially covered in icy blue scales. (AC +2)
You sometimes gain a little power by taking damage.
You are mostly covered in sharp spines.
You have a beak for a mouth.
You have sharp toenails.
Your flesh is almost immune to the effects of heat. (rF+++)
You do not regenerate when monsters are visible.
You are occasionally teleported next to monsters.


Message History

The gnoll shaman closely misses you.
You slice the gnoll sergeant!! You burn the gnoll sergeant!
You kill the gnoll sergeant!
You hit the gnoll shaman but do no damage.
The gnoll shaman hits you from afar with a halberd!
* * * LOW HITPOINT WARNING * * *
The gnoll shaman is struck by your spines.
The gnoll shaman hits you with a trident.
* * * LOW HITPOINT WARNING * * *
You hit the gnoll shaman but do no damage.
The gnoll shaman is lightly wounded.
The gnoll hits you from afar with a halberd.
* * * LOW HITPOINT WARNING * * *
The gnoll shaman closely misses you.
You closely miss the gnoll shaman.
You claw the gnoll shaman, but do no damage.
You peck the gnoll shaman!
The gnoll shaman is severely wounded.
The gnoll shaman hits you from afar with a halberd.
You die...

♣≈#...#...)...#...#
♣≈#...##.....##g..#
♣≈#....##...##{...# ♣
♣≈#8....##)##{...8#≈♣
♣≈#.....#)..#.....#≈♣
♣≈##....'...'....##≈♣
♣≈.##...#)))#...##.≈♣
♣≈..#####)..#####..≈♣
♣≈...)).))...gg.@..≈♣
♣≈≈...........gg).≈≈♣
♣♣≈≈≈≈≈≈≈≈≈≈≈≈≈≈≈≈≈♣♣
♣♣♣♣♣♣♣♣♣♣♣♣♣♣♣♣♣♣♣


You could see 2 gnoll shamans and 2 gnolls.

Vanquished Creatures
  The ghost of polve the Chopper, a novice DsGl (D:4)
  Prince Ribbit (D:6)
  A hungry ghost (D:7)
  4 hogs (D:7)
  Menkaure (D:4)
  A human (D:7)
  Grum (D:8)
  A black bear (D:6)
  6 ogres
  2 phantoms
  5 sky beasts
  2 wolves (D:8)
  2 centaurs
  7 bullfrogs
  5 gnoll sergeants (Bailey)
  5 scorpions
  A vampire bat (D:7)
  3 howler monkeys
  5 crimson imps
  3 jellies
  3 orc priests
  A centaur skeleton (D:7)
  2 gnoll shamans (Bailey)
  2 bullfrog skeletons
  4 hounds
  Crazy Yiuf (D:3)
  4 iguanas
  7 worker ants
  6 orc wizards
  A hound zombie (D:5)
  2 hound skeletons
  A worker ant zombie (D:8)
  Robin (D:3)
  9 gnolls (Bailey)
  A howler monkey skeleton (D:4)
  A howler monkey zombie (D:8)
  18 adders
  2 shadow imps (D:5)
  4 adder zombies
  An adder skeleton (D:4)
  3 worms
  A dart slug (D:3)
  2 leopard geckos
  29 orcs
  2 ball pythons
  6 bats
  2 bat skeletons (D:7)
  2 bat zombies (D:7)
  5 giant cockroaches
  18 goblins
  7 hobgoblins
  8 kobolds
  5 quokkas
  5 frilled lizards
  8 rats
231 creatures vanquished.

Notes
Turn   | Place    | Note
-------+----------+-------------------------------------------
     0 | D:1      | polve the Demonspawn Gladiator began the quest for the Orb.
     0 | D:1      | Reached XP level 1. HP: 16/16 MP: 1/1
   378 | D:1      | Reached skill level 3 in Axes
   668 | D:1      | Gained mutation: You are partially covered in icy blue scales. (AC +2) [demonic ancestry]
   668 | D:1      | Reached XP level 2. HP: 22/22 MP: 2/2
  1034 | D:2      | Gained mutation: You are partially covered in sharp spines. [demonic ancestry]
  1034 | D:2      | Reached XP level 3. HP: 13/27 MP: 3/3
  1370 | D:2      | Reached skill level 4 in Axes
  1863 | D:3      | Gained mutation: You have a pair of small antennae on your head. [demonic ancestry]
  1863 | D:3      | Reached XP level 4. HP: 33/33 MP: 4/4
  2030 | D:3      | Noticed Robin
  2038 | D:3      | Reached skill level 5 in Axes
  2050 | D:3      | Killed Robin
  2379 | D:3      | Gained mutation: You sometimes gain a little power by taking damage. [demonic ancestry]
  2379 | D:3      | Reached XP level 5. HP: 38/38 MP: 5/5
  2394 | D:3      | Found a runed door.
  2703 | D:3      | Noticed Crazy Yiuf
  2707 | D:3      | Killed Crazy Yiuf
  3103 | D:4      | Found a glowing silver altar of Zin.
  3217 | D:4      | Noticed polve's ghost (novice DsGl)
  3233 | D:4      | Killed polve's ghost
  3233 | D:4      | Reached skill level 7 in Axes
  3233 | D:4      | Gained mutation: You are mostly covered in sharp spines. [demonic ancestry]
  3233 | D:4      | Reached XP level 6. HP: 44/44 MP: 6/6
  3529 | D:4      | Found a hazy altar of Hepliaklqana.
  3536 | D:4      | Reached XP level 7. HP: 50/50 MP: 7/7
  3696 | D:4      | Noticed Menkaure
  3703 | D:4      | Killed Menkaure
  4051 | D:5      | Entered Level 5 of the Dungeon
  4057 | D:5      | Reached skill level 8 in Axes
  4143 | D:5      | Found a staircase to the Ecumenical Temple.
  4156 | Temple   | Entered the Ecumenical Temple
  4169 | Temple   | Became a worshipper of Uskayaw the Reveler
  4366 | D:5      | Reached * piety under Uskayaw
  4378 | D:5      | Reached ** piety under Uskayaw
  4379 | D:5      | Reached *** piety under Uskayaw
  4416 | D:5      | Gained mutation: You are clumsy. (Dex -2) [mutagenic meat]
  4417 | D:5      | Gained mutation: Your flesh is cold resistant. (rC+) [mutagenic meat]
  4524 | D:5      | Found a glowing golden altar of the Shining One.
  4566 | D:5      | Reached skill level 9 in Axes
  4566 | D:5      | Reached XP level 8. HP: 47/56 MP: 8/8
  4700 | D:5      | Found a blossoming altar of Fedhas.
  4704 | D:5      | Found a sparkling altar of Nemelex Xobeh.
  4948 | D:5      | Found Umup's Weapon Shop.
  5188 | D:6      | Noticed Prince Ribbit
  5261 | D:6      | Reached skill level 10 in Axes
  5518 | D:6      | Found a shattered altar of Ashenzari.
  5528 | D:6      | Reached skill level 1 in Armour
  5987 | D:6      | Found a sacrificial altar of Ru.
  6100 | D:6      | Got a bloodstained ring mail
  6111 | D:6      | Identified the cursed +1 ring mail of Dithmenos {rC+ rN+ SInv} (You found it on level 6 of the Dungeon)
  6541 | D:6      | Killed Prince Ribbit
  6541 | D:6      | Gained mutation: You have a pair of antennae on your head. [demonic ancestry]
  6541 | D:6      | Reached XP level 9. HP: 23/61 MP: 9/9
  7428 | D:7      | Reached skill level 11 in Axes
  7428 | D:7      | Reached skill level 1 in Invocations
  7548 | D:7      | Reached **** piety under Uskayaw
  7550 | D:7      | Reached ***** piety under Uskayaw
  7755 | D:7      | Reached skill level 5 in Invocations
  8023 | D:7      | Found an ancient bone altar of Kikubaaqudgha.
  8424 | D:7      | Reached XP level 10. HP: 65/67 MP: 14/14
  8840 | D:8      | Found a burning altar of Makhleb.
  9106 | D:8      | Noticed Grum
  9408 | D:8      | Killed Grum
  9408 | D:8      | Reached skill level 12 in Axes
  9832 | D:8      | Found a glowing golden altar of the Shining One.
  9993 | D:9      | Gained mutation: You can translocate small distances at will. [mutagenic meat]
  9994 | D:9      | Lost mutation: Your flesh is cold resistant. (rC+) [mutagenic meat]
  9995 | D:9      | Gained mutation: You have a pair of large antennae on your head. (SInv) [mutagenic meat]
  9996 | D:9      | Gained mutation: You are resistant to hostile enchantments. (MR+) [mutagenic meat]
  9997 | D:9      | Gained mutation: Your flesh is heat resistant. (rF+) [mutagenic meat]
  9998 | D:9      | Lost mutation: You are resistant to hostile enchantments. (MR+) [mutagenic meat]
 10046 | D:9      | Gained mutation: You are occasionally teleported next to monsters. [mutagenic meat]
 10047 | D:9      | Gained mutation: You are somewhat resistant to further mutation. [mutagenic meat]
 10049 | D:9      | Gained mutation: You have sharp toenails. [mutagenic meat]
 10050 | D:9      | Gained mutation: You have a beak for a mouth. [mutagenic meat]
 10051 | D:9      | Gained mutation: You do not regenerate when monsters are visible. [mutagenic meat]
 10242 | D:9      | Found a flagged portal.
 10252 | Bailey   | Entered a bailey
 10667 | Bailey   | HP: 3/67 [gnoll/halberd (3)]
 11038 | Bailey   | Reached XP level 11. HP: 13/89 MP: 17/17
 11039 | Bailey   | Lost mutation: You can translocate small distances at will. [potion of mutation]
 11039 | Bailey   | Lost mutation: You are clumsy. (Dex -2) [potion of mutation]
 11039 | Bailey   | Lost mutation: You have a pair of large antennae on your head. (SInv) [potion of mutation]
 11039 | Bailey   | Lost mutation: You are somewhat resistant to further mutation. [potion of mutation]
 11039 | Bailey   | Gained mutation: Your flesh is very heat resistant. (rF++) [potion of mutation]
 11039 | Bailey   | Gained mutation: Your flesh is almost immune to the effects of heat. (rF+++) [potion of mutation]
 11053 | Bailey   | Slain by a gnoll shaman

Skill      XL: |  1  2  3  4  5  6  7  8  9 10 |
---------------+-------------------------------+-----
Axes           | 3 4 5 7 9 10 11 12 | 12.4
Armour         | 3 4 |  4.1
Invocations    | 6 8 |  8.5
Fighting       | 9 |  9.4
Throwing       | |  1.7
Dodging        | |  2.6

Action                   |  1- 3 |  4- 6 |  7- 9 | 10-12 || total
-------------------------+-------+-------+-------+-------++-------
Melee: War axe           |    86 |    65 |   248 |   161 ||   560
       Kick              |       |       |       |    31 ||    31
       Peck              |       |       |       |     8 ||     8
 Abil: Blink             |       |       |       |     1 ||     1
  Use: Potion            |       |     2 |       |    14 ||    16
       Scroll            |       |       |     9 |     3 ||    12
 Stab: Sleeping          |     3 |       |       |       ||     3
       Paralysed         |       |       |     6 |    17 ||    23
  Eat: Chunk             |     3 |     5 |    23 |    19 ||    50
Armor: Leather armour    |    40 |    18 |    24 |       ||    82
       Ring mail         |       |       |    38 |    67 ||   105
Dodge: Dodged            |    77 |    43 |   116 |    95 ||   331
